 Dungeon Crawl Stone Soup version 0.28.0 (webtiles) character file.

Game seed: 4889785313935202120

25 hikkokomori the Skirmisher (level 2, -2/27 HPs)
             Began as a Minotaur Fighter on Feb 6, 2022.
             Slain by Sigmund (9 damage)
             ... on level 2 of the Dungeon.
             The game lasted 00:01:47 (1433 turns).

hikkokomori the Skirmisher (Minotaur Fighter)       Turns: 1433, Time: 00:01:47

Health: -2/27      AC:  6    Str: 20    XL:     2   Next: 86%
Magic:  1/1        EV:  9    Int:  5    God:
Gold:   17         SH:  4    Dex:  9    Spells: 1/1 levels left

rFire   . . .      SeeInvis .   a - +0 war axe
rCold   . . .      Faith    .   c - +0 buckler
rNeg    . . .      Spirit   .   b - +0 scale mail
rPois   .          Reflect  .   (helmet restricted)
rElec   .          Harm     .   (no cloak)
rCorr   .          Rampage  .   (no gloves)
Will    .....                   (no boots)
Stlth   ..........              (no amulet)
HPRegen 0.09/turn               (no ring)
MPRegen 0.07/turn               (no ring)

@: mighty, lethally poisoned (-2 -> -3)
A: horns 2, retaliatory headbutt
a: no special abilities


You were on level 2 of the Dungeon.
You visited 1 branch of the dungeon, and saw 2 of its levels.

You collected 17 gold pieces.

Inventory:

Hand Weapons
 a - a +0 war axe (weapon)
Armour
 b - a +0 scale mail (worn)
 c - a +0 buckler (worn)
Scrolls
 f - a scroll of enchant armour {unknown}
 g - a scroll of teleportation {unknown}
Potions
 d - a potion of might
 e - 2 potions of curing {unknown}


   Skills:
 + Level 4.1 Fighting
 + Level 3.1 Axes
 - Level 3.6 Armour
 + Level 4.1 Shields


You had one spell level left.
You didn't know any spells.
Your spell library was empty.

Dungeon Overview and Level Annotations

Branches:
Dungeon (2/15)

Altars:

Annotations:
D:2 Robin, Sigmund


Innate Abilities, Weirdness & Mutations

You have a pair of horns on your head.
You reflexively headbutt those who attack you in melee.


Message History

Sigmund the Dreaded comes into view.
He is wielding a +1 scythe of venom.
You hear a shout!
Sigmund shouts!
Sigmund points at you and mumbles some strange words.
The magic dart hits you!
A dart slug comes into view.
You hit the goblin.
The goblin is heavily wounded.
The goblin barely misses you.
You closely miss the goblin.
The goblin is heavily wounded.
The goblin hits you but does no damage.
Robin of the Strong Arm comes into view.
They are wielding a +1 short sword of holy wrath.
Sigmund mumbles some strange words.
Sigmund flickers and vanishes!
Deactivating autopickup; reactivate with Ctrl-A.
You barely miss the goblin.
The goblin is heavily wounded.
Robin shouts!
You hear a shout! x2
The goblin closely misses you. Robin throws the goblin at you!
The goblin barely misses you. You block the goblin's attack.
Something hits you but does no damage.
You are poisoned.
You block the goblin's attack.
You hear a shout!
You feel very mighty all of a sudden.
You feel sick.
A goblin comes into view. It is wielding a +1 dagger of speed.
The goblin hits you but does no damage. You block the goblin's attack.
You slash the goblin!
You kill the goblin!
You slash the goblin!
You kill the goblin!
You feel sick. Something hits you.
You feel sick.
A goblin comes into view. It is wielding a +0 dagger of venom.
Robin throws the goblin at you!
* * * LOW HITPOINT WARNING * * *
Something hits you!
You die...

##.####.##.#
...........#
##.####.######
#......##
#####...#
#...# #.).#
#.g.# #@..#
#{.w.....
g........
..........
g>.........
####........
......###
#...#.#


You could see Robin, a dart slug and 2 goblins.

Vanquished Creatures
  A dart slug (D:1)
  3 ball pythons (D:1)
  2 endoplasms (D:1)
  4 goblins
  2 hobgoblins (D:1)
  3 kobolds (D:1)
  3 bats (D:1)
  2 frilled lizards (D:1)
  3 rats (D:1)
23 creatures vanquished.

Notes
Turn   | Place    | Note
-------+----------+-------------------------------------------
     0 | D:1      | hikkokomori the Minotaur Fighter began the quest for the
                  | Orb.
     0 | D:1      | Reached XP level 1. HP: 19/19 MP: 0/0
   341 | D:1      | Found a faded altar of an unknown god.
   369 | D:1      | Reached XP level 2. HP: 21/27 MP: 1/1
  1424 | D:2      | Noticed Sigmund
  1429 | D:2      | Noticed Robin
  1433 | D:2      | Slain by Sigmund

Illustrated notes

Levels and vault maps discovered:
D:1:      mrwooster_arrival_statue, layout_basic, serial_rivers,
          chequers_serial_rivers_large_b, chequers_serial_rivers_room_a,
          chequers_serial_rivers_micro_e, chequers_serial_rivers_micro_b,
          dreamdust_ecumenical_altar_angels_and_demons, serial_park_tiny_1,
          interstate_on_off
D:2:      layout_loops_cross, dk_noncrumbling_4, st_stairs_5, uniq_natasha,
          uniq_sigmund, uniq_robin

Skill      XL: |  1  2 |
---------------+-------+-----
Shields        | 4 |  4.1
Fighting       | 4 |  4.1
Axes           | 3 |  3.1
Armour         | |  3.6

Action                   || total
-------------------------++-------
Melee: War axe           ||    52
       Headbutt          ||     4
  Use: Potion            ||     1
Armor: Scale mail        ||    33
Dodge: Dodged            ||    28
Block: Buckler           ||     9
